AoeStats
← PsykotiK Cookie

Arabia

506409340Analyzed
3v3 RM · 19d ago on Sep 13, 2026· 53m 40s· 6 players
Game mode
Random Map
Map size
Normal (6 player)
Population
200
Speed
Normal
Resources
Standard
Victory
Conquest
Starting age
Dark Age
Ending age
Imperial Age
RankedLock teamsTeams togetherTeam positionsShared explorationLock speedFull tech treeHidden civsTurbo modeCheats
Victory
Defeat
🇹🇷 Franks · Türkiye
487
+17
🇹🇷 Khmer · Türkiye
487
+17
🇫🇷 Bohemians · France
486
+17
🇨🇦 Chinese · Canada
535
-18
🇺🇸 Lithuanians · United States
528
-18
🇬🇧 Khmer · United Kingdom
458
-15
PsykotiK Cookie
13:29 Feudal Age
14:54 Wheelbarrow
14:06 Town Watch
15:57 Double-Bit Axe
16:01 Horse Collar
16:02 Man-at-Arms
20:45 Fletching
21:06 Forging
20:57 Scale Mail Armor
20:58 Padded Archer Armor
25:10 Arson
27:38 Castle Age
28:05 Pikeman
28:06 Long Swordsman
28:47 Squires
28:28 Crossbowman
33:59 Hand Cart
36:35 Town Patrol
45:55 Heavy Plow
46:08 Bow Saw
46:38 Iron Casting
45:59 Bodkin Arrow
46:20 Chain Mail Armor
46:20 Leather Archer Armor
53:57 Chemistry
Texkloas
10:56 Feudal Age
11:20 Horse Collar
11:38 Double-Bit Axe
23:13 Castle Age
24:33 Bow Saw
24:49 Heavy Plow
24:42 Gold Mining
24:43 Stone Mining
24:29 Light Cavalry
27:34 Fletching
36:46 Imperial Age
35:14 Bodkin Arrow
36:15 Gold Shaft Mining
36:30 Stone Shaft Mining
36:22 Tusk Swords
38:02 Crop Rotation
40:57 Hoardings
41:51 Elite Ballista Elephant
44:33 Double Crossbow
49:04 Heavy Scorpion
50:58 Bracer
kaynarcamucahit7
0:26 Loom
13:13 Feudal Age
13:42 Double-Bit Axe
23:03 Castle Age
21:27 Scale Barding Armor
21:53 Forging
24:14 Light Cavalry
24:55 Husbandry
29:05 Iron Casting
29:12 Gold Mining
29:16 Stone Mining
35:48 Imperial Age
34:12 Caravan
35:11 Wheelbarrow
34:22 Town Watch
36:20 Cavalier
38:49 Blast Furnace
37:40 Fletching
39:21 Paladin
44:55 Conscription
44:37 Chivalry
49:16 Bodkin Arrow
49:42 Chain Barding Armor
Montys8th
5:34 Loom
15:19 Feudal Age
15:37 Man-at-Arms
16:19 Double-Bit Axe
16:26 Gold Mining
16:26 Stone Mining
17:23 Horse Collar
22:36 Castle Age
21:11 Wheelbarrow
21:36 Bloodlines
23:26 Pikeman
28:48 Murder Holes
29:04 Fortified Wall
30:16 Crossbowman
31:05 Long Swordsman
32:24 Caravan
34:37 Elite Skirmisher
36:18 Heated Shot
39:05 Town Watch
39:36 Hand Cart
39:33 Husbandry
45:45 Tusk Swords
51:04 Imperial Age
49:54 Guard Tower
50:25 Ballistics
53:59 Town Patrol
denismca
2:42 Loom
18:39 Feudal Age
19:39 Double-Bit Axe
19:38 Horse Collar
21:33 Stone Mining
21:34 Gold Mining
22:43 Wheelbarrow
24:17 Padded Archer Armor
24:10 Fletching
30:31 Castle Age
31:52 Leather Archer Armor
32:39 Fortified Wall
32:25 Murder Holes
32:42 Masonry
34:20 Ballistics
34:16 Bow Saw
38:21 Bodkin Arrow
42:06 Imperial Age
43:32 Heavy Scorpion
45:18 Chemistry
44:58 Ring Archer Armor
46:31 Bracer
52:36 Chemistry
InTrUsIoN
13:18 Feudal Age
14:38 Wheelbarrow
14:27 Double-Bit Axe
14:41 Horse Collar
21:22 Castle Age
19:25 Stone Mining
23:20 Loom
27:19 Scale Barding Armor
29:21 Hand Cart
29:14 Caravan
30:19 Light Cavalry
31:44 Bow Saw
39:59 Gold Mining
40:46 Stone Shaft Mining
Connection lost

Rejoining the realm…

Still unreachable

The connection could not be restored.

Session expired

The server has moved on; the page needs a fresh start.